 Dungeon Crawl Stone Soup version 0.28.0-45-g0d030f2227 (webtiles) character file.

Game seed: 3285715157181590960

1689 pkoi the Gusty (level 8, -1/63 HPs)
             Began as a Demigod Air Elementalist on Apr 11, 2022.
             Killed from afar by Maggie (20 damage)
             ... with a bolt of fire
             ... on level 6 of the Dungeon.
             The game lasted 00:10:25 (10012 turns).

pkoi the Gusty (Demigod Air Elementalist)          Turns: 10012, Time: 00:10:25

Health: -1/63      AC:  6    Str: 11    XL:     8   Next: 43%
Magic:  3/17       EV: 12    Int: 32    God:
Gold:   1743       SH:  0    Dex: 14    Spells: 5/15 levels left

rFire   . . .      SeeInvis .   l - +5 whip (elec)
rCold   . . .      Faith    .   (no shield)
rNeg    . . .      Spirit   .   r - +3 leather armour "Nararphi" {*Corrode Str-4 Int+7}
rPois   +          Reflect  .   (no helmet)
rElec   .          Harm     .   (no cloak)
rCorr   .          Rampage  .   (no gloves)
Will    .....                   (no boots)
Stlth   ++........              y - amulet of regeneration
HPRegen 1.00/turn               p - +6 ring of strength
MPRegen 0.15/turn               w - ring of poison resistance

@: mesmerised
A: high MP 1, forlorn, divine attributes
a: no special abilities


You were on level 6 of the Dungeon.
You visited 1 branch of the dungeon, and saw 6 of its levels.
You also visited: Sewer and Ossuary.

You collected 1743 gold pieces.

Inventory:

Hand Weapons
 b - a +0 hand axe
 l - a +5 whip of electrocution (weapon)
 x - a +0 short sword of speed
Missiles
 z - 6 poisoned darts
Armour
 a - a +1 robe
 r - the +3 leather armour "Nararphi" (worn) {*Corrode Str-4 Int+7}
   (You found it on level 4 of the Dungeon)

   Str:       It affects your strength (-4).
   Int:       It affects your intelligence (+7).
   *Corrode:  It may corrode you when you take damage.
Magical Staves
 g - a staff of air
Jewellery
 p - a +6 ring of strength (left hand)
 w - a ring of poison resistance (right hand)
 y - an amulet of regeneration (around neck)
Wands
 k - a wand of acid (18)
 m - a wand of iceblast (23)
 A - a wand of flame (19)
Scrolls
 f - 5 scrolls of teleportation
Potions
 c - a potion of brilliance
 d - 2 potions of lignification
 e - a potion of mutation
 h - 3 potions of ambrosia
 i - 4 potions of heal wounds
 j - a potion of magic
 n - 4 potions of curing
 s - 2 potions of haste
 t - 2 potions of resistance
 u - a potion of might
 v - a potion of cancellation


   Skills:
 + Level 3.0 Fighting
 + Level 3.7 Dodging
 - Level 1.7 Stealth
 + Level 3.2 Unarmed Combat
 + Level 4.3 Spellcasting
 - Level 0.8 Conjurations
 * Level 7.5 Air Magic
 + Level 0.8 Evocations


You had 5 spell levels left.
You knew the following spells:

 Your Spells              Type           Power      Damage    Failure   Level
a - Shock                 Conj/Air       100%       1d9       1%          1
b - Static Discharge      Conj/Air       33%        N/A       1%          2
c - Swiftness             Air            53%        N/A       1%          3
d - Airstrike             Air            26%        N/A       3%          4

Your spell library contained the following spells:

 Spells                   Type           Power      Damage    Failure   Level
 Animate Skeleton         Necr           12%        N/A       8%          1
 Apportation              Tloc           12%        N/A       8%          1
 Summon Small Mammal      Summ           24%        N/A       8%          1


Dungeon Overview and Level Annotations

Branches:
Dungeon (6/15)             Temple (0/1) D:5           Sewer (visited)
Ossuary (visited)

Annotations:
D:6 1 runed translucent door, Crazy Yiuf, Maggie


Innate Abilities, Weirdness & Mutations

You have an increased reservoir of magic. (+10% MP)
You shall have no god before yourself.
Your divine heritage dramatically boosts your attributes as you level up.


Message History

The bolt of acid hits Maggie.
The acid corrodes Maggie!
Maggie is severely wounded.
Unknown command.
Aiming: Corrosive Bolt
Press: ? - help, Shift-Dir - straight line, f/p - Maggie
Aim: Maggie, wielding a +1 broad axe of flaming and wearing +0 swamp dragon scales (severely wounded, mesmerising, covered in acid, 75% to hit)
The bolt of acid hits Maggie!
Maggie seems to be corroded for longer.
Maggie is severely wounded.
Unknown command.
You hear the crackle of electricity.
l - a +5 whip of electrocution (weapon)
Maggie misses you.
You hit Maggie.
Maggie is almost dead.
Maggie casts a spell at you. The bolt of fire hits you!
* * * LOW HITPOINT WARNING * * *
You barely miss Maggie.
Maggie is almost dead.
Maggie casts a spell at you. The bolt of fire hits you!!
* * * LOW HITPOINT WARNING * * *
You hit Maggie but do no damage.
Maggie is almost dead.
Maggie hits you with a +1 broad axe of flaming.
* * * LOW HITPOINT WARNING * * *
Maggie burns you.
* * * LOW HITPOINT WARNING * * *
Unknown command.
You hit Maggie.
Maggie is almost dead.
Maggie smiles, but it's obviously fake.
Maggie casts a spell.
Maggie draws you further into her thrall.
Unknown command.
You hit Maggie but do no damage.
Maggie is almost dead.
Maggie gestures at you while chanting. The bolt of fire hits you!!
You die...

##.....##......
#.......#......
#.......#...... ##
#..._...#####.#
#.. #.......# #..
##.#####.......#
###
###......##.....##
#
..........###'###
# .......@@.....#
.....<.#####.##
####.## #.# .. ...
#### ## ..!..
#.... @..... #....
.......# #....
.......# #....
#####


You could see Maggie (mesmerising, corroded).

Vanquished Creatures
  Grinder (D:3)
  Sigmund (D:4)
  Eustachio (D:6)
  Menkaure (Ossuary)
  Pargi (Sewer)
  An ice beast (D:5)
  A phantom (D:5)
  A kobold brigand (D:6)
  3 wights (D:6)
  A howler monkey (D:6)
  2 centaur zombies
  3 hounds
  An orc priest (D:2)
  A jelly (D:5)
  A bullfrog skeleton (D:4)
  2 iguanas
  An orc wizard (D:5)
  2 hound skeletons
  3 mummies (Ossuary)
  6 adders
  2 howler monkey skeletons
  A shadow imp (D:6)
  An ufetubus (D:5)
  3 worms
  A dart slug (D:2)
  10 orcs
  4 endoplasms
  A giant cockroach (D:4)
  4 gnoll zombies (Ossuary)
  3 goblins
  7 hobgoblins
  A jackal (Sewer)
  6 kobolds
  A quokka (D:4)
  5 ball pythons
  4 bats
  10 frilled lizards
  4 gnoll skeletons (Ossuary)
  5 goblin skeletons (Ossuary)
  2 goblin zombies (Ossuary)
  2 hobgoblin skeletons (Ossuary)
  9 hobgoblin zombies (Ossuary)
  3 kobold skeletons (Ossuary)
  3 kobold zombies (Ossuary)
  4 orc skeletons (Ossuary)
  6 orc zombies (Ossuary)
  9 rats
  7 rat skeletons (Ossuary)
  A rat zombie (Ossuary)
153 creatures vanquished.

Vanquished Creatures (others)
  3 fungi (D:6)
  13 plants
16 creatures vanquished.

Grand Total: 169 creatures vanquished

Notes
Turn   | Place    | Note
-------+----------+-------------------------------------------
     0 | D:1      | pkoi the Demigod Air Elementalist began the quest for the
                  | Orb.
     0 | D:1      | Reached XP level 1. HP: 14/14 MP: 5/5
   485 | D:1      | Reached skill level 3 in Air Magic
  1132 | D:1      | Reached XP level 2. HP: 20/20 MP: 0/7
  2142 | D:2      | Reached XP level 3. HP: 26/26 MP: 2/9
  2673 | D:3      | Identified 2 scrolls of acquirement
  2673 | D:3      | Acquired 1284 gold pieces
  2675 | D:3      | Acquired a staff of air
  2684 | D:3      | Noticed Grinder
  2878 | D:3      | Reached skill level 4 in Air Magic
  2887 | D:3      | Paralysed by Grinder for 6 turns
  3099 | D:2      | Learned a level 2 spell: Static Discharge
  3103 | D:2      | Learned a level 3 spell: Swiftness
  3295 | D:2      | Reached XP level 4. HP: 2/33 MP: 3/10
  3582 | D:3      | Killed Grinder
  3583 | D:3      | Reached skill level 5 in Air Magic
  3583 | D:3      | Reached XP level 5. HP: 38/38 MP: 3/12
  3757 | D:3      | Learned a level 4 spell: Airstrike
  4287 | D:4      | Reached XP level 6. HP: 45/45 MP: 11/13
  4410 | D:4      | Noticed Sigmund
  4731 | D:4      | Identified the +3 leather armour "Nararphi" {*Corrode Str-4
                  | Int+7}
  4742 | D:4      | Found a sand-covered staircase.
  4748 | Ossuary  | Entered an ossuary
  5971 | Ossuary  | Noticed Menkaure
  5986 | Ossuary  | Reached skill level 1 in Unarmed Combat
  5986 | Ossuary  | Reached skill level 6 in Air Magic
  5990 | Ossuary  | Killed Menkaure
  5991 | Ossuary  | Reached skill level 1 in Fighting
  6642 | D:4      | Reached XP level 7. HP: 48/52 MP: 9/15
  6946 | D:4      | Killed Sigmund
  7158 | D:5      | Entered Level 5 of the Dungeon
  7682 | D:5      | Found a staircase to the Ecumenical Temple.
  7796 | D:5      | Found a glowing drain.
  7813 | Sewer    | Entered a sewer
  7963 | Sewer    | Noticed Pargi
  7966 | Sewer    | Killed Pargi
  8227 | D:5      | Reached skill level 7 in Air Magic
  8227 | D:5      | Reached XP level 8. HP: 62/62 MP: 8/17
  9123 | D:6      | Noticed Eustachio
  9134 | D:6      | Killed Eustachio
  9814 | D:6      | Found a runed translucent door.
  9815 | D:6      | Noticed Crazy Yiuf
  9995 | D:6      | Noticed Maggie
 10012 | D:6      | Killed from afar by Maggie

Illustrated notes

Levels and vault maps discovered:
D:1:      ebering_trefoil_3fold, layout_basic, minmay_hedge_maze,
          minmay_lizard_king
D:2:      layout_basic, shapermc_ecumenical_altar_pompeii,
          minmay_misc_feat_ornament
D:3:      layout_rooms, uniq_grinder
D:4:      layout_rooms, minitemple, nicolae_ossuary_entry_plus, uniq_sigmund
D:5:      layout_rooms, lemuel_doored_altar,
          minmay_temple_entry_statues_pillars, cheibrodos_sewer_entry_bend,
          st_stairs_3, serial_bayou_pond_c
D:6:      layout_basic, serial_bayou, serial_bayou_shore_a,
          serial_bayou_shore_b, serial_bayou_crossing, serial_bayou_pond_e,
          kennysheep_flooded_box, uniq_crazy_yiuf_cottage, uniq_eustachio,
          uniq_maggie

Skill      XL: |  1  2  3  4  5  6  7  8 |
---------------+-------------------------+-----
Air Magic      | 3 4 5 6 7 |  7.5
Spellcasting   | 2 3 4 |  4.3
Dodging        | 2 3 |  3.7
Unarmed Combat | 1 2 3 |  3.2
Fighting       | 1 2 3 |  3.0
Stealth        | |  1.7
Conjurations   | |  0.8
Evocations     | |  0.8

Action                   |  1- 3 |  4- 6 |  7- 9 || total
-------------------------+-------+-------+-------++-------
Melee: Hand axe          |    25 |       |       ||    25
       Staff             |     1 |    24 |       ||    25
       Whip              |     1 |       |    16 ||    17
       Punch             |       |     1 |       ||     1
 Cast: Shock             |    92 |   173 |     9 ||   274
       Airstrike         |       |       |    58 ||    58
Evoke: Wand              |       |       |     4 ||     4
  Use: Scroll            |     6 |    10 |     5 ||    21
       Potion            |       |     1 |       ||     1
Armor: Robe              |    15 |     2 |     5 ||    22
Dodge: Dodged            |    27 |    15 |    22 ||    64
